Map: Tours du crépuscule

Players

zidar - Winner!

  • Race: Zerg Zerg
  • League: Silver
  • Spawn Location: 7:00

eLeeha

  • Race: Terran Terran
  • League: Silver
  • Spawn Location: 1:00

VOD

Have the link to the VOD?

Description

Time

  • Played on: Feb. 9, 2016, 12:13 p.m.
  • Length: 16:54
Show
View Real Time Build Order
Export as new Build Order

zidar Zerg - Winner!

Build Orders: Hatch First, Muta Ling Bane 

Get SALT Encoding   

  12  0:01  Drone  
  13  0:12  Overlord  
  13  0:18  Drone  
  14  0:31  Drone x2  
  14  0:34  Drone  
  17  0:55  Hatchery  
  17  0:56  Drone  
  17  1:02  Extractor, Drone  
  17  1:18  Spawning Pool  
  16  1:22  Drone  
  17  1:49  Hatchery  
  17  1:51  Drone  
  17  2:07  Queen  
  19  2:19  Queen  
  21  2:27  Zergling x2  
  22  2:31  Metabolic Boost  
  22  3:01  Queen  
  25  3:12  Lair  
  23  3:17  Roach Warren  
  23  3:19  Drone  
  23  3:20  Extractor, Drone  
  23  3:33  Drone  
  24  3:34  Drone x2  
  24  3:38  Drone  
  27  3:42  Drone  
  28  4:05  Queen  
  28  4:09  Drone x4  
  34  4:24  Overlord x2  
  34  4:50  Roach x2  
  34  4:51  Roach x2  
  34  4:52  Roach  
  44  4:55  Drone x2  
  44  4:56  Drone x3  
  44  4:57  Drone  
  50  5:01  Overlord x2  
  50  5:06  Pneumatized Carapace  
  50  5:23  Ravager x2  
  50  5:24  Ravager  
  53  5:41  Drone x4  
  57  5:46  Extractor  
  57  5:49  Extractor  
  55  6:12  Baneling Nest  
  54  6:19  Evolution Chamber  
  54  6:23  Evolution Chamber  
  52  6:40  Drone x9  
  52  6:43  Drone x5  
  52  6:47  Overlord x4  
  66  6:48  Overlord  
  66  7:02  Centrifical Hooks  
  66  7:05  Zergling x2  
  66  7:06  Zergling x26  
  66  7:08  Baneling x2  
  80  7:47  Zerg Ground Armor Level 1, Zerg Melee Weapons Level 1  
  80  7:49  Ravager x2  
  80  7:52  Baneling x4  
  80  7:53  Baneling  
  78  8:27  Drone x6  
  84  8:30  Extractor x2  
  82  8:39  Drone x11  
  93  8:45  Spire  
  92  8:53  Infestation Pit  
  81  9:41  Zerg Ground Armor Level 2  
  81  9:42  Zerg Melee Weapons Level 2  
  81  9:56  Mutalisk x7  
  81  9:57  Mutalisk x5  
  105  10:17  Overlord x3  
  105  10:18  Overlord x3  
  105  10:39  Hive  
  105  10:46  Zergling x10  
  105  10:47  Zergling x22  
  105  10:48  Zergling x6  
  118  11:13  Baneling  
  118  11:14  Baneling x6  
  118  11:48  Zergling x10  
  118  11:49  Zergling x28  
  118  11:53  Baneling x4  
  118  11:54  Baneling  
  97  12:27  Zergling x2  
  97  12:28  Zergling x28  
  112  12:34  Zerg Ground Armor Level 3  
  112  12:35  Zerg Melee Weapons Level 3  
  112  12:40  Ultralisk Cavern  
  111  12:46  Queen  
  113  12:52  Baneling x5  
  113  12:53  Baneling x7  
  113  12:54  Baneling x7  
  113  12:55  Baneling x2  
  113  12:57  Hatchery  
  113  12:58  Zergling x12  
  113  12:59  Zergling x14  
  125  13:12  Drone  
  111  13:46  Chitinous Plating  
  105  13:56  Zergling x14  
  105  13:57  Zergling x22  
  84  14:43  Ultralisk  
  84  14:44  Ultralisk x3  
  84  14:45  Ultralisk x4  
  132  14:46  Ultralisk x3  
  132  14:51  Overlord x6  
  150  15:04  Extractor  
  150  15:05  Extractor  
  148  15:27  Hatchery  
  147  15:31  Mutalisk  
  147  15:32  Mutalisk x6  
  147  15:34  Ultralisk  
  147  15:35  Ultralisk x2  
  179  15:37  Zergling x2  
  179  15:38  Zergling x8  
Show
View Real Time Build Order
Export as new Build Order

eLeeha Terran 

Build Orders: Command Center First (CC) 

Get SALT Encoding   

  12  0:01  SCV  
  13  0:13  SCV  
  14  0:22  Supply Depot  
  14  0:25  SCV  
  15  0:44  SCV  
  16  0:56  SCV  
  17  1:08  SCV  
  18  1:15  Command Center  
  18  1:22  SCV  
  19  1:33  Barracks  
  19  1:34  SCV  
  19  1:35  Refinery  
  20  1:40  Refinery  
  20  1:46  SCV  
  21  1:58  SCV  
  22  2:11  SCV  
  23  2:19  Supply Depot  
  23  2:24  Orbital Command  
  23  2:27  Marine  
  24  2:30  Orbital Command  
  24  2:44  Marine  
  24  2:46  Barracks  
  24  2:51  SCV  
  25  2:59  SCV  
  25  3:02  Marine  
  25  3:03  SCV  
  28  3:11  SCV  
  29  3:15  SCV  
  30  3:21  Marine  
  30  3:23  SCV  
  32  3:27  SCV  
  32  3:33  Barracks, Barracks Tech Lab  
  33  3:38  Engineering Bay  
  33  3:41  SCV x2  
  33  3:46  Supply Depot  
  35  3:50  Marine  
  35  3:53  SCV x2, Stimpack  
  35  3:54  Reaper  
  39  4:05  SCV  
  39  4:06  SCV  
  39  4:07  Marine  
  42  4:12  Factory  
  42  4:17  SCV  
  42  4:18  SCV, Terran Infantry Weapons Level 1  
  42  4:20  Engineering Bay  
  45  4:25  Marine  
  45  4:26  Marine  
  45  4:27  Barracks Reactor  
  45  4:29  Barracks  
  45  4:30  SCV x2  
  48  4:42  SCV  
  48  4:43  SCV  
  48  4:44  Marauder  
  52  4:46  Marine  
  53  4:54  SCV  
  54  5:00  Factory Tech Lab  
  54  5:01  Barracks  
  54  5:04  Command Center  
  54  5:07  Supply Depot  
  54  5:10  Terran Infantry Armor Level 1  
  54  5:13  Armory  
  54  5:16  SCV  
  54  5:28  Marine x3, SCV x2  
  54  5:29  Marauder  
  54  5:33  Bunker  
  61  5:35  Barracks Reactor  
  61  5:40  SCV  
  62  5:48  Supply Depot  
  62  6:01  Combat Shield, Supply Depot  
  62  6:04  Supply Depot  
  62  6:10  Marine x3, Marauder, SCV x2, Barracks Reactor  
  69  6:16  Barracks  
  69  6:17  Barracks  
  69  6:20  Orbital Command  
  69  6:22  SCV  
  69  6:25  SCV  
  71  6:31  Marauder  
  73  6:34  SCV  
  73  6:37  SCV  
  75  6:41  Supply Depot  
  75  6:46  Supply Depot  
  75  6:50  Marine x3  
  75  6:51  Marine x4  
  75  6:53  Marauder  
  75  6:54  Terran Infantry Weapons Level 2  
  84  6:55  SCV  
  84  6:56  SCV x2  
  87  7:04  Barracks x2  
  87  7:07  SCV, Supply Depot  
  87  7:08  SCV x2, Supply Depot  
  90  7:10  Supply Depot, Terran Infantry Armor Level 2  
  90  7:12  Supply Depot  
  90  7:20  Marine x2, Marauder  
  90  7:21  Marine x4  
  98  7:24  Concussive Shells  
  98  7:31  Marine  
  98  7:36  Barracks Reactor x2  
  99  7:38  Marine x2  
  99  7:41  Marauder  
  103  7:49  Marine x4  
  103  7:50  Marine  
  109  7:57  Barracks  
  108  8:00  Barracks  
  108  8:03  Marauder  
  108  8:04  Barracks Reactor, SCV  
  108  8:05  SCV x2  
  113  8:07  Barracks Reactor  
  106  8:15  Command Center  
  106  8:16  SCV  
  106  8:17  Marine x3, SCV x2  
  106  8:18  Marine x8, Command Center  
  120  8:24  Marine, Supply Depot  
  120  8:25  Supply Depot  
  121  8:29  SCV x3  
  124  8:35  Marine x8  
  124  8:41  SCV  
  133  8:45  Barracks  
  133  8:48  Barracks, Supply Depot  
  133  8:49  SCV, Supply Depot  
  133  8:50  SCV  
  133  8:53  Marine x4, SCV  
  133  8:54  Marine x6  
  133  8:55  Marine x5  
  149  8:58  Marine  
  149  9:00  Marine  
  149  9:02  SCV x2  
  141  9:25  Marine x4, Marauder  
  141  9:26  Marine x3  
  141  9:27  Marine x2  
  141  9:28  Marine  
  141  9:29  Terran Infantry Weapons Level 3  
  141  9:30  Terran Infantry Armor Level 3  
  141  9:31  SCV x3  
  156  9:43  SCV x2  
  158  9:46  Marauder  
  160  9:54  SCV  
  160  9:55  SCV x2  
  160  9:56  Marine x4  
  160  9:57  Marine x6  
  173  10:06  Marine x3, SCV  
  177  10:07  Marine, Marauder  
  177  10:12  Orbital Command  
  180  10:23  Barracks Tech Lab  
  180  10:24  Barracks Tech Lab  
  180  10:43  SCV  
  180  10:44  SCV x3  
  180  10:47  Orbital Command  
  184  10:52  Marine  
  184  10:53  Marine x14  
  182  11:21  Missile Turret  
  182  11:22  Missile Turret x2  
  182  11:43  Missile Turret x2  
  182  11:45  Missile Turret  
  182  11:50  Missile Turret  
  182  11:52  Missile Turret  
  182  11:53  Missile Turret  
  182  11:54  Missile Turret x2  
  182  11:57  Missile Turret  
  182  12:00  Missile Turret  
  182  12:02  Missile Turret  
  182  12:04  Missile Turret x2  
  182  12:07  Missile Turret x2  
  182  12:08  Missile Turret  
  182  12:11  Missile Turret  
  182  12:17  Missile Turret  
  182  12:22  Marauder x3  
  120  12:23  Marine x6  
  120  12:24  Marine x9  
  129  12:37  Barracks  
  129  12:41  Marine x8  
  129  12:42  Barracks x2  
  129  12:43  Barracks, Marauder x2  
  129  12:44  Marauder  
  143  12:46  Barracks  
  143  12:47  Barracks  
  143  12:49  Barracks  
  143  12:50  Barracks x2  
  143  12:52  Barracks  
  143  12:53  Marine x5, Barracks  
  143  12:54  Marine x2  
  143  12:55  Barracks x2  
  150  12:58  Marine  
  150  12:59  Marine x4  
  150  13:03  Barracks Tech Lab  
  150  13:05  Marauder x3  
  161  13:09  Marine x2  
  161  13:10  Marine x2  
  161  13:11  Marine x4  
  169  13:26  Marauder x3  
  167  13:42  Marine  
  167  13:43  Marine  
  167  13:44  Marine x17  
  167  13:45  Marine x5  
  167  13:47  Marauder  
  167  13:48  Marauder x2  
  134  14:22  Marine  
  134  14:23  Marine x2  
  122  14:33  Barracks Reactor x6  
  122  14:34  Barracks Reactor x2  
  122  14:36  Marine  
  122  14:37  Marine x15  
  138  14:49  Marauder  
  138  14:50  Marauder  
  142  15:11  Marine  
  142  15:12  Marine x5  
  148  15:26  Marine x12  
  148  15:27  Marine x2  
  148  15:28  Marine  
  163  15:54  Marine x11  
  163  15:55  Marine x26  
  199  16:11  Marauder x4  
  147  16:32  Marauder  
  131  16:33  Marauder x3  
Tags
 
Add a new tag
Caveats
  • Supply blocks, unpowered buildings, or Contaminate may cause inaccurate times.
  • Supply counts are checked every 10 seconds.